[gd_scene load_steps=9 format=3 uid="uid://bmb02xld0hp2q"]

[ext_resource type="Script" path="res://scenes/cenas-scrpits/mola_item.gd" id="1_8hdlw"]
[ext_resource type="Texture2D" uid="uid://dx63ejmw1bgtw" path="res://Sprites/Objetos/mola_centralizada.png" id="3_shfme"]

[sub_resource type="CircleShape2D" id="CircleShape2D_2viwm"]
radius = 5.0

[sub_resource type="CircleShape2D" id="CircleShape2D_wi0di"]
radius = 5.0

[sub_resource type="Animation" id="Animation_hmxdy"]
resource_name = "Collected"
length = 0.3
step = 0.05
tracks/0/type = "value"
tracks/0/imported = false
tracks/0/enabled = true
tracks/0/path = NodePath("Sprite2D:frame")
tracks/0/interp = 1
tracks/0/loop_wrap = true
tracks/0/keys = {
"times": PackedFloat32Array(0, 0.05, 0.1, 0.15, 0.2, 0.25),
"transitions": PackedFloat32Array(1, 1, 1, 1, 1, 1),
"update": 1,
"values": [0, 1, 2, 3, 4, 5]
}

[sub_resource type="Animation" id="Animation_vvjof"]
length = 0.001
tracks/0/type = "value"
tracks/0/imported = false
tracks/0/enabled = true
tracks/0/path = NodePath("Sprite2D:frame")
tracks/0/interp = 1
tracks/0/loop_wrap = true
tracks/0/keys = {
"times": PackedFloat32Array(0),
"transitions": PackedFloat32Array(1),
"update": 1,
"values": [0]
}

[sub_resource type="Animation" id="Animation_hfncl"]
resource_name = "idle"

[sub_resource type="AnimationLibrary" id="AnimationLibrary_h27kg"]
_data = {
"Bounce": SubResource("Animation_hmxdy"),
"RESET": SubResource("Animation_vvjof"),
"idle": SubResource("Animation_hfncl")
}

[node name="Mola_Item" type="CharacterBody2D"]
scale = Vector2(0.7, 0.7)
script = ExtResource("1_8hdlw")

[node name="CollisionShape2D" type="CollisionShape2D" parent="."]
shape = SubResource("CircleShape2D_2viwm")

[node name="Area2D" type="Area2D" parent="."]

[node name="CollisionShape2D" type="CollisionShape2D" parent="Area2D"]
shape = SubResource("CircleShape2D_wi0di")
one_way_collision_margin = 0.0

[node name="Animation" type="AnimationPlayer" parent="."]
libraries = {
"": SubResource("AnimationLibrary_h27kg")
}
autoplay = "Default"

[node name="Sprite2D" type="Sprite2D" parent="."]
texture_filter = 1
texture = ExtResource("3_shfme")
hframes = 6

[connection signal="body_entered" from="Area2D" to="." method="_on_area_2d_body_entered"]
[connection signal="animation_finished" from="Animation" to="." method="_on_animation_animation_finished"]
